 Seeded DCSS version 0.29.1-13-g9f3cf754e1 (webtiles) character file.

Game seed: 16245865983455551772 (custom seed)

4 OTABOTABOTAB the Insei (level 1, 10/13 HPs)
             Began as an Octopode Transmuter on Jan 24, 2023.
             Quit the game on level 1 of the Dungeon.
             The game lasted 00:00:42 (335 turns).

OTABOTABOTAB the Insei (Octopode Transmuter)         Turns: 335, Time: 00:00:43

Health: 10/13      AC:  1    Str:  9    XL:     1   Next: 60%
Magic:  3/3        EV: 13    Int: 15    God:
Gold:   648        SH:  0    Dex: 12    Spells: 3/4 levels left

rFire   . . .      SeeInvis .     - Unarmed
rCold   . . .      Faith    .   (no shield)
rNeg    . . .      Spirit   .   (helmet restricted)
rPois   .          Reflect  .   (no amulet)
rElec   .          Harm     .   (no ring)
rCorr   .          Rampage  .   (no ring)
Will    .....                   (no ring)
Stlth   ++........              (no ring)
HPRegen 0.04/turn               (no ring)
MPRegen 0.08/turn               (no ring)
                                (no ring)
                                (no ring)

@: no status effects
A: almost no armour, amphibious, 8 rings, camouflage 1, gelatinous body 1,
(nimble swimmer 1), tentacles
a: no special abilities


You were on level 1 of the Dungeon.
You visited 1 branch of the dungeon, and saw 1 of its levels.

You collected 648 gold pieces.

Inventory:

Missiles
 s - 4 stones (quivered)
Jewellery
 a - the ring of the Crushed Deaths {Int+4 Dex+6}
   (You acquired it on level 1 of the Dungeon)

   [ring of dexterity]

   Int:       It affects your intelligence (+4).
   Dex:       It affects your dexterity (+6).
 b - the ring of Ufypholann {Wiz Str-3 Dex+2 Slay+2}
   (You acquired it on level 1 of the Dungeon)

   [ring of wizardry]

   It improves your spell success rate.
   Str:       It affects your strength (-3).
   Dex:       It affects your dexterity (+2).
   Slay:      It affects your accuracy & damage with ranged weapons and melee
   (+2).
Potions
 P - a potion of lignification {!q}


   Skills:
 + Level 1.1 Fighting
 + Level 2.0 Dodging
 + Level 3.0 Unarmed Combat
 + Level 2.0 Spellcasting
 + Level 2.0 Transmutations


You had 3 spell levels left.
You knew the following spells:

 Your Spells              Type           Power      Damage    Failure   Level
a - Beastly Appendage     Tmut           14%        N/A       10%         1

Your spell library contained the following spells:

 Spells                   Type           Power      Damage    Failure   Level
 Wereblood                Tmut           7%         N/A       14%         2
 Spider Form              Tmut/Pois      4%         N/A       41%         3
 Ice Form                 Ice/Tmut       4%         N/A       82%         4


Dungeon Overview and Level Annotations

Branches:
Dungeon (1/15)

Altars:


Innate Abilities, Weirdness & Mutations

You cannot wear most types of armour.
You are amphibious.
You can wear up to eight rings at the same time.
Your skin changes colour to match your surroundings (Stealth+).
Your rubbery body absorbs attacks. (AC +1, EV +1)
((You are camouflaged when in or above water. (Stealth+)))
You have tentacles for arms and can constrict up to eight enemies at once.


Message History

Bad channel name for runrest: 'Jiyva says: Divide and consume' Welcome, OTABOTABOTAB the Octopode Transmuter.
Game seed: 16245865983455551772 (custom seed)
Found a sling.
Found a staircase leading out of the dungeon.
Found an escape hatch in the floor.
Found an escape hatch in the floor.
A goblin comes into view. It is wielding a +0 dagger.
A quokka comes into view.
One of your tentacles grows a vicious spike.
The goblin shouts!
You now have 2/3 mp.
The quokka bites you.
You take 1 damage, and have 12/13 hp.
You miss the quokka. Your grab misses the quokka.
The quokka closely misses you.
You miss the quokka. You grab the quokka.
You pierce the quokka, but do no damage.
Your squeeze misses the quokka. You constrict the quokka. The quokka bites you.
The quokka misses you.
You take 3 damage, and have 9/13 hp.
MASSIVE DAMAGE!!
Unknown command.
You tentacle-slap the quokka but do no damage.
You tentacle-slap the quokka.
Your transformation is almost over.
You constrict the quokka, but do no damage.
The goblin misses you. The quokka barely misses you.
You tentacle-slap the quokka but do no damage.
You pierce the quokka.
You kill the quokka!
The goblin hits you with a +0 dagger.
You take 3 damage, and have 6/13 hp.
MASSIVE DAMAGE!!
You tentacle-slap the goblin.
You kill the goblin!
You see here a +0 dagger.
Unknown command.
You start resting.
Your tentacle spike disappears.
Health restored: 13; MP restored: 3 Unknown command.
You start waiting.
Done waiting.
s - 6 stones (quivered)
An endoplasm comes into view.
You see here 3 scrolls labelled WAC GOIFOFITOUPLEC.
One of your tentacles grows a vicious spike.
You now have 2/3 mp.
You throw a stone.
The stone hits the endoplasm but does no damage.
The endoplasm quivers.
You throw a stone.
The stone hits the endoplasm but does no damage.
The endoplasm hits you.
You take 3 damage, and have 10/13 hp.
MASSIVE DAMAGE!!
You tentacle-slap the endoplasm.
Your transformation is almost over.
The endoplasm misses you.
You tentacle-slap the endoplasm.
You pierce the endoplasm.
You squeeze the endoplasm.
You kill the endoplasm!
No target in view!
No target in view!
Your tentacle spike disappears.
a - 3 scrolls labelled WAC GOIFOFITOUPLEC This is a scroll of acquirement!
Something appears before you!
b - the ring of Ufypholann {Wiz Str-3 Dex+2 Slay+2} Something appears before you!
You now have 648 gold pieces.
Something appears before you!
a - the ring of the Crushed Deaths {Int+4 Dex+6} MP restored: 3

## #. #.# #
#.######..##
##.##.#.@.......
........#..#....
##.##...#..# .
#...###.#
#...#.#..
#..##.##.#
#..#...#.. ...
##.##...##.## ...
#..#.....#..#....


There were no monsters in sight!

Vanquished Creatures
  An endoplasm (D:1)
  A goblin (D:1)
  A quokka (D:1)
3 creatures vanquished.

Notes
Turn   | Place    | Note
-------+----------+-------------------------------------------
     0 | D:1      | OTABOTABOTAB the Octopode Transmuter began the quest for
                  | the Orb.
     0 | D:1      | Reached XP level 1. HP: 13/13 MP: 3/3
   329 | D:1      | Identified 3 scrolls of acquirement
   329 | D:1      | Acquired the ring of Ufypholann {Wiz Str-3 Dex+2 Slay+2}
   331 | D:1      | Acquired 648 gold pieces
   333 | D:1      | Acquired the ring of the Crushed Deaths {Int+4 Dex+6}
   335 | D:1      | Quit the game

Illustrated notes

Levels and vault maps discovered:
D:1:      minmay_arrival_hallway, layout_loops_corners, basic_ecumenical_altar,
          minmay_unequal

Action                   || total
-------------------------++-------
Melee: Unarmed           ||     7
       Kick              ||     3
       Constrict         ||     1
       Punch             ||     1
       Tentacles         ||     1
Throw: Stone             ||     2
 Cast: Beastly Appendage ||     2
 Abil: End Transformatio ||     1
  Use: Scroll            ||     3
Dodge: Dodged            ||     5

Table legend: (Time is in decaauts)
 A = Elapsed time spent in this place.
 B = Non-inter-level travel time spent in this place.
 C = Inter-level travel time spent in this place.
 D = Time resting spent in this place.
 E = Time spent auto-exploring this place.
 F = Levels seen in this place.
 G = Mean time per level.
                   A        B        C        D        E       F      G
               +--------+--------+--------+--------+--------+-----+--------+
         Total |    334 |    334 |      0 |    263 |     44 |   1 |  334.0 |
       Dungeon |    334 |    334 |      0 |    263 |     44 |   1 |  334.0 |
               +--------+--------+--------+--------+--------+-----+--------+

Top non-repeatable levels by time:
     D:1: 334 daAuts

Table legend:
 A = Kills in this place as a percentage of kills in entire the game.
 B = Kills by you in this place as a percentage of kills by you in the entire game.
 C = Kills by friends in this place as a percentage of kills by friends in the entire game.
 D = Other kills in this place as a percentage of other kills in the entire game.
 E = Experience gained in this place as a percentage of experience gained in the entire game.
 F = Experience gained in this place divided by the number of levels of this place that you have seen.
                   A       B       C       D       E      F
               +-------+-------+-------+-------+-------+----------------------
         Total | 100.0 | 100.0 |   N/A |   N/A | 100.0 |   6.0
       Dungeon | 100.0 | 100.0 |   N/A |   N/A | 100.0 |   6.0
               +-------+-------+-------+-------+-------+----------------------
